 Dungeon Crawl Stone Soup version 0.31-a0-765-g67fe2935dc (webtiles) character file.

Game seed: 10990454063336718098

19 cforsyth the Sneak (level 2, 0/25 HPs)
             Began as a Djinni Delver on Sept 15, 2023.
             Slain by a scorpion (4 damage)
             ... on level 6 of the Dungeon.
             The game lasted 00:00:27 (479 turns).

cforsyth the Sneak (Djinni Delver)                   Turns: 479, Time: 00:00:27

Health: 0/25       AC:  4    Str: 11    XL:     2   Next: 95%
Gold:   10         EV: 12    Int: 11    God:
                   SH:  0    Dex: 14

rFire   + + .        a - +0 falchion
rCold   x . .        (no shield)
rNeg    . . .        b - +0 leather armour
rPois   ∞            i - +0 helmet
rElec   .            (no cloak)
rCorr   .            (no gloves)
SInv    .            (boots unavailable)
Will    .....        (no amulet)
Stlth   ++           (no ring)
HPRegen 0.24/turn    (no ring)
MPRegen 0.00/turn

%: infuse magic (-1 HP)
@: flying
A: sickness immunity, fire resistance 2, cold vulnerability 1, float, innate
caster, HP casting, extra vitality 1
a: no special abilities


You were on level 6 of the Dungeon.
You visited 1 branch of the dungeon, and saw 2 of its levels.

You collected 10 gold pieces.

Inventory:

Hand Weapons
 a - a +0 falchion (weapon)
Armour
 b - a +0 leather armour (worn)
 i - a +0 helmet (worn)
Wands
 g - a wand of digging (3)
 h - a wand of iceblast (8)
Scrolls
 c - a scroll of fog
 d - a scroll of revelation
 e - a scroll of fear
 j - a scroll of teleportation {unknown}
Potions
 f - a potion of haste


   Skills:
 + Level 3.4 Fighting
 - Level 1.7 Long Blades
 - Level 2.1 Dodging
 - Level 4.1 Stealth
 + Level 1.0 Spellcasting
 + Level 1.0 Conjurations
 + Level 1.0 Hexes
   Level 0.0 Charms
 + Level 1.0 Summonings
 + Level 1.0 Necromancy
 + Level 1.0 Translocations
 + Level 1.0 Transmutations
 + Level 1.0 Fire Magic
 + Level 1.0 Ice Magic
 + Level 1.0 Air Magic
 + Level 1.0 Earth Magic
 + Level 1.0 Poison Magic You didn't know any spells. Your spell library was empty.

Dungeon Overview and Level Annotations

Branches:
Dungeon (6/15)
 Temple: D:4-7

Altars:


Innate Abilities, Weirdness & Mutations

You are immune to sickness and miasma.
You are immune to poison.
Your flesh is very heat resistant. (rF++)
You are vulnerable to cold. (rC-)
You float through the air rather than walking.
You learn spells naturally, not from books.
Your magical power is your life essence.
You have superior vitality. (+4 MHP)


Message History

Found a stone staircase leading down.
Found a wand of iceblast (9) and a ring mail.
The helpless scorpion fails to defend itself.
You hit the scorpion.
The scorpion is lightly wounded.
The scorpion closely misses you.
The scorpion stings you but does no damage.
You barely miss the scorpion.
The scorpion is lightly wounded.
The scorpion barely misses you.
You barely miss the scorpion. The scorpion closely misses you.
The scorpion stings you but does no damage.
You barely miss the scorpion. The scorpion barely misses you.
You closely miss the scorpion. The scorpion stings you. x2
You hit the scorpion.
The scorpion is lightly wounded.
The scorpion stings you.
You hit the scorpion but do no damage.
The scorpion is lightly wounded.
The scorpion closely misses you. The scorpion misses you.
You hit the scorpion but do no damage.
The scorpion is lightly wounded.
The scorpion stings you.
You hit the scorpion.
The scorpion is heavily wounded.
The scorpion misses you.
The scorpion stings you but does no damage.
You closely miss the scorpion.
The scorpion is heavily wounded.
The scorpion stings you.
You barely miss the scorpion.
The scorpion is heavily wounded.
The scorpion stings you.
* * * LOW HITPOINT WARNING * * *
The scorpion stings you.
* * * LOW HITPOINT WARNING * * *
You hit the scorpion.
The scorpion is severely wounded.
The scorpion stings you.
You die...

. #[. ....
######....#
#<).....#
###@###.#
../....s....#
...###..#####
.... #.>..
##.### .. ##


You could see a scorpion.

Vanquished Creatures
  2 gnolls (D:6)
2 creatures vanquished.

Notes
Turn   | Place    | Note
-------+----------+-------------------------------------------
     0 | D:5      | cforsyth the Djinni Delver began the quest for the Orb.
     0 | D:5      | Reached XP level 1. HP: 20/20 MP: 0/0
   129 | D:5      | Noticed a gnoll sergeant
   166 | D:6      | Reached XP level 2. HP: 3/25 MP: 0/0
   465 | D:6      | Reached skill level 1 in Spellcasting
   465 | D:6      | Reached skill level 1 in Conjurations
   465 | D:6      | Reached skill level 1 in Hexes
   465 | D:6      | Reached skill level 1 in Summonings
   465 | D:6      | Reached skill level 1 in Necromancy
   465 | D:6      | Reached skill level 1 in Translocations
   465 | D:6      | Reached skill level 1 in Transmutations
   465 | D:6      | Reached skill level 1 in Fire Magic
   465 | D:6      | Reached skill level 1 in Ice Magic
   465 | D:6      | Reached skill level 1 in Air Magic
   465 | D:6      | Reached skill level 1 in Earth Magic
   465 | D:6      | Reached skill level 1 in Poison Magic
   465 | D:6      | Noticed a scorpion
   479 | D:6      | Slain by a scorpion

Illustrated notes

Levels and vault maps discovered:
D:5:      kennysheep_steamy, layout_basic, kennysheep_mini_moat,
          mainiacjoe_overflow_alcove_4, minmay_temple_entry_antechambers
D:6:      layout_basic, lemuel_round_altar, kennysheep_mini, serial_shops,
          nicolae_shop_waterfront, nicolae_the_louvre

Skill      XL: |  1  2 |
---------------+-------+-----
Spellcasting   | 1 |  1.0
Conjurations   | 1 |  1.0
Hexes          | 1 |  1.0
Summonings     | 1 |  1.0
Necromancy     | 1 |  1.0
Translocations | 1 |  1.0
Transmutations | 1 |  1.0
Fire Magic     | 1 |  1.0
Ice Magic      | 1 |  1.0
Air Magic      | 1 |  1.0
Earth Magic    | 1 |  1.0
Poison Magic   | 1 |  1.0
Fighting       | |  3.4
Long Blades    | |  1.7
Dodging        | |  2.1
Stealth        | |  4.1

Action                     || total
---------------------------++-------
  Melee: Falchion          ||    25
   Stab: Sleeping          ||     1
 Armour: Leather armour    ||    22
  Dodge: Dodged            ||    17

Table legend: (Time is in decaauts)
 A = Elapsed time spent in this place.
 B = Non-inter-level travel time spent in this place.
 C = Inter-level travel time spent in this place.
 D = Time resting spent in this place.
 E = Time spent auto-exploring this place.
 F = Levels seen in this place.
 G = Mean time per level.
                   A        B        C        D        E       F      G
               +--------+--------+--------+--------+--------+-----+--------+
         Total |    484 |    484 |      0 |    291 |    109 |   2 |  242.0 |
       Dungeon |    484 |    484 |      0 |    291 |    109 |   2 |  242.0 |
               +--------+--------+--------+--------+--------+-----+--------+

Top non-repeatable levels by time:
     D:6: 326 daAuts
     D:5: 158 daAuts
